[Event "Titled Tuesday Blitz June 22 2021"]
[White "Zhigalko, Sergei"]
[Black "Paragua, Mark"]
[WhiteFideId "13502956"]
[BlackFideId "5201241"]
[WhiteElo "2662"]
[BlackElo "2493"]
[Result "0-1"]
[Round "10"]
[TimeControl "180+1"]
[Date "2021.06.22"]
[WhiteClock "0:00:03"]
[BlackClock "0:00:08"]

1. e4 c5 2. Nf3 d6 3. d4 cxd4 4. Qxd4 Nf6 5. Nc3 Nc6 6. Bb5 Bd7 7. Bxc6 Bxc6 8. Bg5 e6 9. O-O-O Be7 10. Rhe1 h6 11. Bh4 Qa5 12. Kb1 O-O 13. Qd2 Rfd8 14. Nd4 Rac8 15. Nd5 Qxd2 16. Nxe7+ Kf8 17. Ng6+ fxg6 18. Rxd2 Kf7 19. f3 e5 20. Ne2 g5 21. Bf2 d5 22. exd5 Rxd5 23. Rxd5 Nxd5 24. Bxa7 b6 25. Nc1 Ra8 26. Nd3 Bb7 27. c4 Rxa7 28. cxd5 Bxd5 29. Nxe5+ Kf6 30. b3 h5 31. Nd3 g4 32. Nf4 Bf7 33. fxg4 hxg4 34. g3 g5 35. Ng2 Bg6+ 36. Kb2 Rh7 37. Rf1+ Ke5 38. Re1+ Be4 39. Ne3 Rxh2+ 40. Ka3 Kd4 41. Nxg4 Rg2 42. Rd1+ Kc3 43. Rc1+ Kd2 44. Rc4 Bd3 45. Rb4 Rxg3 46. Ne5 Be2 47. Rxb6 g4 48. Rd6+ Ke3 49. Re6 Kd4 50. Kb4 Re3 51. Nc6+ Kd3 52. Rg6 g3 53. Kc5 Kd2 54. Rg5 Bf1 55. Nd4 g2 56. a4 Rc3+ 57. Kb4 Rd3 58. Kc5 Rc3+ 59. Kd6 Ke1 60. Ke5 Kf2 61. a5 g1=Q 62. Rxg1 Kxg1 63. Kd5 Kf2 64. b4 Ke3 65. b5 Bg2+ 66. Ke5 Rc5+ 67. Kd6 Kxd4 68. a6 Rxb5 69. a7 Ra5 70. a8=Q Rxa8 0-1


[Site "https://www.chess.com"]

[Event "Titled Tuesday Blitz June 22 2021"]
[White "Abdusattorov, Nodirbek"]
[Black "Demchenko, Anton"]
[WhiteFideId "14204118"]
[BlackFideId "4160258"]
[WhiteElo "2662"]
[BlackElo "2593"]
[Result "1-0"]
[Round "11"]
[TimeControl "180+1"]
[Date "2021.06.22"]
[WhiteClock "0:01:09"]
[BlackClock "0:00:15"]

1. d4 Nf6 2. c4 g6 3. Nc3 Bg7 4. e4 d6 5. f3 O-O 6. Nge2 Nc6 7. Be3 a6 8. Nc1 Re8 9. Be2 e5 10. Nb3 exd4 11. Nxd4 Nh5 12. O-O Nf4 13. Nxc6 Nxe2+ 14. Nxe2 bxc6 15. Bd4 Bh6 16. b3 f5 17. Bb2 Bg7 18. Bxg7 Kxg7 19. exf5 Bxf5 20. Qd2 Qf6 21. Rfe1 Re7 22. Nd4 Rxe1+ 23. Rxe1 Bd7 24. Re4 c5 25. Ne2 Bc6 26. Re3 Qa1+ 27. Kf2 Qf6 28. Qa5 Qd8 29. g3 g5 30. Qc3+ Kf7 31. Qd3 Kg7 32. g4 Qf6 33. Ng3 Re8 34. Nh5+ 1-0


[Site "https://www.chess.com"]

[Event "Titled Tuesday Blitz June 22 2021"]
[White "Abrashkin, Boris"]
[Black "Kabanova, Ekaterina"]
[WhiteFideId "4120582"]
[BlackFideId "24112917"]
[WhiteElo "2604"]
[BlackElo "2164"]
[Result "1-0"]
[Round "11"]
[TimeControl "180+1"]
[Date "2021.06.22"]
[WhiteClock "0:00:17"]
[BlackClock "0:00:02"]

1. d4 c5 2. d5 e5 3. e4 a6 4. c4 d6 5. Nc3 Ne7 6. Bd3 Ng6 7. Nf3 Be7 8. O-O Bg4 9. a3 O-O 10. h3 Bxf3 11. Qxf3 Bg5 12. b4 Nd7 13. g3 Bxc1 14. Rfxc1 Qg5 15. Bf1 Rac8 16. Rab1 cxb4 17. axb4 f5 18. exf5 Rxf5 19. Qg2 Rcf8 20. Rc2 Qe7 21. Bd3 Rf3 22. Be4 R3f6 23. Bxg6 Rxg6 24. Ne4 Nf6 25. c5 Nxe4 26. Qxe4 Qd7 27. Qg2 e4 28. Qxe4 Qxh3 29. c6 bxc6 30. dxc6 Re6 31. Qg2 Qf5 32. Rbc1 d5 33. c7 Rc8 34. Rc5 Re5 35. Qf1 Qe6 36. Rc6 Qd7 37. Qxa6 d4 38. Qc4+ Kh8 39. b5 d3 40. Qc3 d2 41. Qxe5 dxc1=Q+ 42. Rxc1 h6 43. b6 Qd2 44. Qe3 Qb4 45. Qc5 Qb2 46. Qc6 Rf8 47. Rf1 1-0


[Site "https://www.chess.com"]

[Event "Titled Tuesday Blitz June 22 2021"]
[White "Aitbayev, Aslan"]
[Black "Mezentsev, Ivan"]
[WhiteFideId "13704613"]
[BlackFideId "13706195"]
[WhiteElo "2417"]
[BlackElo "2295"]
[Result "0-1"]
[Round "11"]
[TimeControl "180+1"]
[Date "2021.06.22"]
[WhiteClock "0:00:02"]
[BlackClock "0:00:44"]

1. e4 d5 2. exd5 Nf6 3. d4 Nxd5 4. Nf3 g6 5. c4 Nb6 6. Nc3 Bg7 7. h3 O-O 8. Be2 Nc6 9. Be3 e5 10. dxe5 Nxe5 11. Nxe5 Bxe5 12. O-O Be6 13. c5 Nc4 14. Bxc4 Bxc4 15. Re1 Qxd1 16. Rexd1 Rfd8 17. a3 Bb3 18. Rxd8+ Rxd8 19. f4 Bg7 20. Kf2 f5 21. Re1 c6 22. Re2 Kf7 23. Rd2 Rxd2+ 24. Bxd2 Bd4+ 25. Be3 Bxc3 26. bxc3 Ke6 27. Bd4 Kd5 28. Ke3 Kc4 29. Kd2 Ba4 30. Be5 Kb3 31. c4 Kxc4 32. Bb8 a6 33. Ba7 Kb3 34. Bb6 Kxa3 35. Kc3 Bb5 36. g3 Bf1 37. h4 Ka4 38. Ba7 a5 39. Bb6 Kb5 40. Kb3 a4+ 41. Ka3 Be2 42. Ba7 Bd1 43. Bb6 Kc4 44. Ba7 Kd3 45. Bb6 Ke4 46. h5 Kf3 47. hxg6 hxg6 48. Bd8 Kxg3 49. Bg5 Kf3 50. Kb4 Ke4 51. Bh6 Kd5 52. Bg5 a3 53. Kxa3 Kxc5 54. Kb2 Kc4 55. Kc1 Bf3 56. Kd2 b5 57. Be7 c5 58. Ke3 Be4 59. Bf8 b4 60. Be7 Kb5 61. Bf8 c4 62. Kd4 c3 63. Be7 c2 0-1


[Site "https://www.chess.com"]

[Event "Titled Tuesday Blitz June 22 2021"]
[White "Borawski, Jakub"]
[Black "shnitez"]
[WhiteFideId "1143000"]
[WhiteElo "2020"]
[BlackElo "2501"]
[Result "0-1"]
[Round "11"]
[TimeControl "180+1"]
[Date "2021.06.22"]
[WhiteClock "0:00:01"]
[BlackClock "0:00:06"]

1. e4 e5 2. Nf3 Nc6 3. Bb5 f5 4. Bxc6 dxc6 5. Nxe5 Nf6 6. d4 fxe4 7. O-O Bd6 8. Bg5 O-O 9. Nc3 Bf5 10. Kh1 c5 11. Nc4 cxd4 12. Qxd4 Bb4 13. Ne2 Qe7 14. Ne3 Be6 15. Bxf6 Rxf6 16. Qxe4 c6 17. Nd4 Bc5 18. Rae1 Bxa2 19. Qxe7 Bxe7 20. b3 Bb4 21. Rd1 a5 22. Ndf5 a4 23. Rd3 axb3 24. cxb3 g6 25. Nh6+ Kg7 26. Nhg4 Rd6 27. Rxd6 Bxd6 28. Nc4 Bc5 29. Nd2 Rd8 30. Ne4 Be7 31. f4 Bxb3 32. h3 Bc4 33. Rc1 Bd5 34. Nc5 Bxc5 35. Rxc5 Re8 36. Rc2 Re1+ 37. Kh2 Rf1 38. g3 Rh1# 0-1


[Site "https://www.chess.com"]

[Event "Titled Tuesday Blitz June 22 2021"]
[White "Borsuk, Konstantin"]
[Black "Heinemann, Josefine"]
[WhiteFideId "14113406"]
[BlackFideId "12900460"]
[WhiteElo "2363"]
[BlackElo "2300"]
[Result "1-0"]
[Round "11"]
[TimeControl "180+1"]
[Date "2021.06.22"]
[WhiteClock "0:02:21"]
[BlackClock "0:01:06"]

1. d4 Nf6 2. c4 e6 3. Nf3 b6 4. g3 Ba6 5. Bg2 c5 6. Ne5 d5 7. Nc3 Bd6 8. cxd5 exd5 9. Nxd5 Nbd7 10. Nxf6+ Nxf6 11. Qa4+ Kf8 12. Qxa6 cxd4 13. Bxa8 Qxa8 14. Nf3 1-0


[Site "https://www.chess.com"]

[Event "Titled Tuesday Blitz June 22 2021"]
[White "Bortnyk, Olexandr"]
[Black "Nakamura, Hikaru"]
[WhiteFideId "14120828"]
[BlackFideId "2016192"]
[WhiteElo "2723"]
[BlackElo "2900"]
[Result "1-0"]
[Round "11"]
[TimeControl "180+1"]
[Date "2021.06.22"]
[WhiteClock "0:00:07"]
[BlackClock "0:00:14"]

1. e4 c5 2. c3 d5 3. exd5 Qxd5 4. d4 e6 5. Be3 cxd4 6. cxd4 Nf6 7. Nc3 Qd8 8. Nf3 Be7 9. Bd3 O-O 10. O-O b6 11. Qe2 Bb7 12. Rad1 Nc6 13. a3 Rc8 14. Bb1 Na5 15. Bg5 Nd5 16. Qd3 g6 17. Bh6 Nxc3 18. bxc3 Re8 19. Ne5 Qd5 20. Qg3 Rxc3 21. f3 Bd6 22. Qg5 Be7 23. Qg3 Bd6 24. Qg5 Bf8 25. Qf6 Rc7 26. Bxf8 Rxf8 27. Ng4 Rd8 28. Nh6+ Kf8 29. Rfe1 Ke8 30. Nxf7 Rxf7 31. Rxe6+ Kd7 32. Qxf7+ Kc8 33. Be4 Qd7 34. Re7 1-0


[Site "https://www.chess.com"]

[Event "Titled Tuesday Blitz June 22 2021"]
[White "Chernomordik, Pavel"]
[Black "Do Valle Cardoso, Lucas"]
[WhiteFideId "2804530"]
[BlackFideId "2163144"]
[WhiteElo "2299"]
[BlackElo "2378"]
[Result "0-1"]
[Round "11"]
[TimeControl "180+1"]
[Date "2021.06.22"]
[WhiteClock "0:00:02"]
[BlackClock "0:00:02"]

1. e4 e5 2. Nf3 Nc6 3. Bb5 f5 4. d4 fxe4 5. Bxc6 dxc6 6. Nxe5 Nf6 7. O-O Bd6 8. Nc3 O-O 9. Qe2 Qe8 10. Nxe4 Bxe5 11. dxe5 Qxe5 12. Nxf6+ Qxf6 13. c3 Bf5 14. Be3 b6 15. Qf3 Rae8 16. Qg3 Qf7 17. Rfe1 c5 18. Rad1 Re6 19. Bf4 Rg6 20. Qe3 Bg4 21. f3 Qxf4 22. Qxf4 Rxf4 23. fxg4 Rgxg4 24. Rd7 h5 25. Rxc7 Re4 26. Rxe4 Rxe4 27. Kf2 Rf4+ 28. Ke3 Rg4 29. g3 h4 30. Kf3 hxg3 31. hxg3 Ra4 32. a3 Kh7 33. Ke3 Kh6 34. Kf3 g6 35. Re7 Ra5 36. Kf4 c4 37. Rc7 Rb5 38. Rxc4 Rxb2 39. Kg4 Ra2 40. a4 Re2 41. Kf3 Re5 42. Kg4 Rg5+ 43. Kf4 Kh5 44. Kf3 Rf5+ 45. Rf4 Rc5 46. Rh4+ Kg5 47. c4 Ra5 48. Rg4+ Kf6 49. Ke4 Rxa4 50. Kd5 g5 51. Re4 Ra5+ 52. Kd4 Kf5 53. g4+ Kf6 54. Re8 Ra1 55. Rf8+ Kg7 56. Ra8 a5 57. Rb8 Rb1 58. Ke5 a4 59. Kf5 a3 60. Rb7+ Kf8 61. Ra7 Rc1 62. Kxg5 Rc3 63. Rxa3 Rxa3 0-1


[Site "https://www.chess.com"]

[Event "Titled Tuesday Blitz June 22 2021"]
[White "Costachi, Mihnea"]
[Black "Ognean, Mihnea-Ionut"]
[WhiteFideId "1217518"]
[BlackFideId "1232347"]
[WhiteElo "2479"]
[BlackElo "2012"]
[Result "1-0"]
[Round "11"]
[TimeControl "180+1"]
[Date "2021.06.22"]
[WhiteClock "0:00:11"]
[BlackClock "0:00:05"]

1. a3 g6 2. Nf3 Bg7 3. g3 Nf6 4. Bg2 O-O 5. O-O c5 6. d3 Nc6 7. Nc3 b6 8. e4 d6 9. h3 Rb8 10. Be3 Bd7 11. Qd2 b5 12. Bh6 a5 13. Bxg7 Kxg7 14. Nd5 e6 15. Nxf6 Qxf6 16. c3 b4 17. axb4 axb4 18. d4 bxc3 19. bxc3 cxd4 20. cxd4 Rb6 21. d5 Rb2 22. Qc1 exd5 23. exd5 Ne5 24. Nxe5 Qxe5 25. Ra7 Rc8 26. Qd1 Bf5 27. Re1 Qf6 28. Qf3 Rcc2 29. Rf1 Qd4 30. Re7 Kf8 31. Re3 h5 32. g4 hxg4 33. Qg3 Kg7 34. hxg4 Bc8 35. Qxd6 Qxe3 36. fxe3 Rxg2+ 37. Kh1 Bxg4 38. Qf6+ Kh6 39. Qf4+ Kh5 40. d6 g5 41. Qxf7+ Kh4 42. Qh7+ Bh5 43. Qe4+ Rg4 44. Qe5 Rd2 45. d7 Rxd7 46. Qh2# 1-0


[Site "https://www.chess.com"]

[Event "Titled Tuesday Blitz June 22 2021"]
[White "Dang, Hoang Son"]
[Black "Balakrishnan, Praveen"]
[WhiteFideId "12402435"]
[BlackFideId "2064871"]
[WhiteElo "2248"]
[BlackElo "2237"]
[Result "0-1"]
[Round "11"]
[TimeControl "180+1"]
[Date "2021.06.22"]
[WhiteClock "0:00:25"]
[BlackClock "0:00:55"]

1. d4 g6 2. c4 Bg7 3. Nf3 d6 4. g3 Bd7 5. Bg2 Qc8 6. Nc3 Bh3 7. Bxh3 Qxh3 8. Qb3 Qc8 9. h4 Nf6 10. Bg5 Nbd7 11. O-O-O h6 12. Bf4 c5 13. d5 a6 14. e4 Ng4 15. Rd2 b5 16. Re2 Rb8 17. cxb5 c4 18. Qc2 axb5 19. Nh2 Nge5 20. Bxe5 Nxe5 21. f4 Nd3+ 22. Kb1 b4 23. Nd1 b3 24. axb3 Rxb3 25. Nf3 Nb4 26. Qc1 Rxf3 27. e5 O-O 28. Ne3 Rxe3 29. Qxe3 Qf5+ 30. Qe4 Qd7 31. e6 Qa4 32. Qxc4 Ra8 33. exf7+ Kf8 34. Kc1 Na2+ 0-1


[Site "https://www.chess.com"]

[Event "Titled Tuesday Blitz June 22 2021"]
[White "Demin, Vladimir"]
[Black "Langner, Ladislav"]
[WhiteFideId "4167457"]
[BlackFideId "300403"]
[WhiteElo "2551"]
[BlackElo "2346"]
[Result "1-0"]
[Round "11"]
[TimeControl "180+1"]
[Date "2021.06.22"]
[WhiteClock "0:00:06"]
[BlackClock "0:00:04"]

1. e4 c5 2. Nf3 e6 3. c3 Nf6 4. e5 Nd5 5. d4 cxd4 6. cxd4 d6 7. Bd3 dxe5 8. dxe5 Nb4 9. Bb5+ Bd7 10. Bxd7+ Qxd7 11. Qxd7+ Nxd7 12. Na3 Nd3+ 13. Ke2 N3xe5 14. Nb5 Rc8 15. Nxe5 Nxe5 16. Bf4 Rc2+ 17. Kd1 Rc5 18. a4 a6 19. Nc3 Nd3 20. Be3 Rc6 21. Kc2 Nb4+ 22. Kb3 Be7 23. Rad1 Bf6 24. Kxb4 Ke7 25. Bc5+ Rxc5 26. Kxc5 Rc8+ 27. Kb6 Rc4 28. Rd2 Bd4+ 29. Kxb7 Rb4+ 30. Kc8 Be5 31. Rd7+ Ke8 32. Nb5 axb5 33. Rhd1 bxa4 34. Rd8+ Ke7 35. R1d7+ Kf6 36. Rb7 Rxb2 37. Rdd7 Rxb7 38. Rxb7 a3 39. Ra7 Bb2 40. Kd8 Kg6 41. Ke8 f5 42. Ke7 e5 43. Ke6 e4 44. Kd5 Kf6 45. h4 h6 46. Ra6+ Kf7 47. h5 Bc1 48. g3 Bb2 49. Kc5 Ke7 50. Kc4 Kf7 51. Kd5 Ke7 52. g4 fxg4 53. Kxe4 Kd7 54. Kd5 Kc7 55. Kc5 Kb7 56. Kb5 Kc7 57. Kc5 Kb7 58. Kb5 Kc7 59. Kb4 Kb7 60. Ra4 Kb6 61. Kb3 Kb5 62. Rxg4 Kc5 63. Ra4 Kd5 64. f4 Ke6 65. Ra5 Kf6 66. Kc4 Ke6 67. Kd3 Kf6 68. Ke4 Ke6 69. Ra6+ Kf7 70. Kd5 Ke7 71. Ke4 Kf7 72. f5 Ke7 73. Kd5 Kf7 74. Ke4 Ke7 75. Kf4 Kf7 76. f6 gxf6 77. Kf5 Kg7 78. Ra7+ Kf8 79. Kg6 f5 80. Kxf5 Kg8 81. Kg6 Kf8 82. Kxh6 Bc1+ 83. Kg6 Ke8 84. h6 Bb2 85. h7 Kd8 86. Rxa3 Be5 87. Re3 Ke7 88. Rxe5+ Kf8 89. h8=Q# 1-0


[Site "https://www.chess.com"]

[Event "Titled Tuesday Blitz June 22 2021"]
[White "Dobrov, Vladimir"]
[Black "Goryachkina, Aleksandra"]
[WhiteFideId "4136594"]
[BlackFideId "4147103"]
[WhiteElo "2614"]
[BlackElo "2441"]
[Result "0-1"]
[Round "11"]
[TimeControl "180+1"]
[Date "2021.06.22"]
[WhiteClock "0:00:21"]
[BlackClock "0:00:21"]

1. b3 d5 2. Bb2 Nf6 3. e3 a5 4. Nf3 Bg4 5. h3 Bh5 6. g4 Bg6 7. Ne5 Nfd7 8. Nxg6 hxg6 9. Bg2 e6 10. Nc3 Be7 11. d4 c5 12. e4 cxd4 13. Qxd4 Bf6 14. Qd2 dxe4 15. O-O-O Bg5 16. Nxe4 Bxd2+ 17. Rxd2 O-O 18. h4 Qc7 19. h5 gxh5 20. gxh5 Qf4 21. h6 gxh6 22. Rh3 Kh7 23. Nd6 Nc6 24. Be4+ f5 25. Nxf5 exf5 26. Rh4 Qxd2+ 27. Kxd2 fxe4 0-1


[Site "https://www.chess.com"]

[Event "Titled Tuesday Blitz June 22 2021"]
[White "Wagner, Dinara"]
[Black "Molina, Roberto Junio Brito"]
[WhiteFideId "24157570"]
[BlackFideId "2109450"]
[WhiteElo "2260"]
[BlackElo "2402"]
[Result "1/2-1/2"]
[Round "11"]
[TimeControl "180+1"]
[Date "2021.06.22"]
[WhiteClock "0:00:14"]
[BlackClock "0:00:40"]

1. d4 c6 2. c4 d5 3. Nf3 Nf6 4. g3 dxc4 5. Bg2 b5 6. a4 Bb7 7. Ne5 a6 8. b3 cxb3 9. Qxb3 e6 10. O-O Be7 11. axb5 axb5 12. Rxa8 Bxa8 13. Qa2 Bb7 14. Qa7 Qc8 15. Na3 Nd5 16. Bb2 O-O 17. Rc1 b4 18. Nac4 Nd7 19. Nxd7 Qxd7 20. Na5 Bc8 21. Qxd7 Bxd7 22. Nxc6 Bd6 23. e4 Nc3 24. Bxc3 bxc3 25. Rxc3 Ra8 26. e5 Ra1+ 27. Bf1 Bf8 28. h4 g6 29. Kg2 Rd1 30. Be2 Rd2 31. Bf3 Bxc6 32. Bxc6 Rxd4 33. Rf3 Rd8 34. Rb3 Bg7 35. f4 Rc8 36. Be4 Bf8 37. Rb7 Re8 38. Bc6 Re7 39. Rb8 Kg7 40. Kf3 Rc7 41. Be8 h5 42. Rb5 Bc5 43. Ke4 Bf2 44. Kf3 Be1 45. Rb3 Bc3 46. Bb5 Bd4 47. Bd3 Bc5 48. Be4 Ra7 49. Bc6 Ra6 50. Be8 Ra8 51. Bc6 Rc8 52. Be4 Rd8 53. Bc6 Kf8 54. Rb7 Be7 55. Be4 Rc8 56. Ra7 Rc3+ 57. Ke2 Bc5 58. Ra8+ Kg7 59. Bf3 Re3+ 60. Kf2 Rb3+ 61. Kg2 Rb2+ 62. Kh3 Rb3 63. Kg2 Rb2+ 64. Kh3 Bg1 65. Bg2 Bf2 66. Ra3 Rb8 67. Rf3 Bd4 68. Bf1 Rc8 69. Kg2 Rc7 70. Rd3 Bc3 71. Be2 Kf8 72. Kf3 Ke7 73. Rd1 Ke8 74. Bd3 Kf8 75. Bb5 Rc5 76. Be2 Kg7 77. Bd3 f6 78. exf6+ Kxf6 79. Be2 e5 80. fxe5+ Bxe5 81. Bd3 Rc3 82. Kg2 Ra3 83. Rf1+ Kg7 84. Rf3 Ra2+ 85. Kh3 Rd2 86. Re3 Bf6 87. Rf3 Rb2 88. Be4 Rb6 89. Rd3 Re6 90. Rd7+ Kh6 91. Bf3 Re3 92. Kg2 Be5 93. Rd8 Kh7 94. Rd7+ Kh6 95. Rb7 Rc3 96. Rd7 Rc2+ 97. Kh3 Rc3 98. Kg2 Bf6 99. Rd6 Rc2+ 100. Kh3 Kg7 101. Rd7+ Kf8 102. Rd6 Ke7 103. Ra6 Rc7 104. Rc6 Rd7 105. Ra6 Kf7 106. Rc6 Be7 107. Ra6 Bd6 108. Be4 Kf6 109. Rb6 Rd8 110. Rc6 Kg7 111. Ra6 Bf8 112. Rc6 Rd6 113. Rxd6 Bxd6 114. Kg2 Kf6 115. Kf3 Be7 116. g4 hxg4+ 117. Kxg4 Kg7 118. h5 g5 119. Bf5 Kh6 120. Be4 Bc5 121. Bf5 Bb6 122. Be4 Ba5 123. Bf5 Bb4 124. Be4 Ba3 125. Bf5 Bb2 126. Be4 Ba1 127. Bf5 Bb2 128. Be4 Bc3 129. Bf5 Bb4 130. Be4 Be7 131. Bf5 Bf8 132. Be4 Ba3 133. Bf5 Bc1 134. Be4 Kg7 135. Bf5 Kf6 136. Be4 Kf7 137. Bg6+ Kg7 138. Bc2 Kh6 139. Bb1 Bf4 140. Bc2 Kg7 141. Bb1 Kf8 142. Bc2 Ke7 143. h6 Kf7 144. h7 Kg7 145. Bd3 Bc1 146. Be4 Kh8 147. Bf5 Bd2 148. Be4 Bc1 149. Bf5 Bf4 150. Be4 Kg7 151. Bf5 Be3 152. Be4 Bd2 153. Bd3 Bc1 154. Be4 Kh8 1/2-1/2


[Site "https://www.chess.com"]

[Event "Titled Tuesday Blitz June 22 2021"]
[White "Drygalov, Sergey"]
[Black "Djordjevic, Vuk"]
[WhiteFideId "24171743"]
[BlackFideId "902098"]
[WhiteElo "2514"]
[BlackElo "2463"]
[Result "1-0"]
[Round "11"]
[TimeControl "180+1"]
[Date "2021.06.22"]
[WhiteClock "0:00:18"]
[BlackClock "0:00:02"]

1. Nf3 Nf6 2. d4 e6 3. c4 b6 4. g3 Ba6 5. Qc2 Bb7 6. Bg2 c5 7. d5 exd5 8. cxd5 Nxd5 9. O-O Be7 10. Rd1 Qc8 11. e4 Nc7 12. Nc3 Nc6 13. Bf4 Ne6 14. Nd5 Nxf4 15. Nxf4 O-O 16. e5 Re8 17. Nd5 Nb4 18. Nxb4 cxb4 19. Qf5 Bc6 20. h4 d5 21. Qf4 Bc5 22. Nd4 Rd8 23. Nf5 Qe6 24. h5 Re8 25. Re1 g6 26. Nh6+ Kg7 27. Ng4 Be7 28. Rac1 Rac8 29. Bh3 gxh5 30. Ne3 Qxh3 31. Nf5+ Kh8 32. Nxe7 Qe6 33. Nxc8 Rxc8 34. Qf6+ Kg8 35. Rc2 Bd7 36. Rxc8+ Bxc8 37. Rc1 Bd7 38. Rc7 d4 39. Qd8+ Be8 40. Re7 1-0


[Site "https://www.chess.com"]

[Event "Titled Tuesday Blitz June 22 2021"]
[White "Dubov, Daniil"]
[Black "Tari, Aryan"]
[WhiteFideId "24126055"]
[BlackFideId "1510045"]
[WhiteElo "2722"]
[BlackElo "2656"]
[Result "0-1"]
[Round "11"]
[TimeControl "180+1"]
[Date "2021.06.22"]
[WhiteClock "0:00:02"]
[BlackClock "0:00:05"]

1. d4 Nf6 2. Nf3 g6 3. Bg5 Bg7 4. Nbd2 c5 5. e3 d5 6. c3 O-O 7. Be2 Nbd7 8. O-O b6 9. a4 a6 10. b4 h6 11. Bh4 g5 12. Bg3 Nh5 13. a5 Nxg3 14. hxg3 c4 15. axb6 Qxb6 16. e4 e6 17. e5 a5 18. Qa4 Qc7 19. bxa5 Ra6 20. Rfb1 Bb7 21. Nh2 Bc6 22. Qc2 Rfa8 23. f4 Rxa5 24. Rxa5 Qxa5 25. Ng4 Qa2 26. Qc1 h5 27. Ne3 g4 28. Kf2 Bf8 29. f5 Bh6 30. f6 Bg5 31. Bd1 Nf8 32. Bc2 Qa3 33. Ke2 Bxe3 34. Kxe3 Qxc3+ 35. Ke2 Qxg3 36. Nf1 Qxg2+ 37. Ke1 g3 38. Qh6 Qf2+ 39. Kd1 Qxf1+ 40. Kd2 c3+ 41. Kxc3 Qc4+ 42. Kd2 Qxd4+ 43. Kc1 Qg4 44. Rb4 d4 45. Rxd4 Ra1+ 46. Bb1 Qg6 47. Qxg6+ Nxg6 48. Kb2 Rxb1+ 49. Kxb1 g2 50. Rd1 Nxe5 0-1


[Site "https://www.chess.com"]

[Event "Titled Tuesday Blitz June 22 2021"]
[White "Durarbayli, Vasif"]
[Black "Mazur, Stefan"]
[WhiteFideId "13402935"]
[BlackFideId "14909332"]
[WhiteElo "2500"]
[BlackElo "2437"]
[Result "1-0"]
[Round "11"]
[TimeControl "180+1"]
[Date "2021.06.22"]
[WhiteClock "0:00:03"]
[BlackClock "0:00:01"]

1. d4 d5 2. c4 e5 3. dxe5 Ne7 4. Nf3 Nbc6 5. Bg5 Be6 6. cxd5 Qxd5 7. Nc3 Qxd1+ 8. Rxd1 Ng6 9. e3 Ngxe5 10. Nxe5 Nxe5 11. Bf4 Bd6 12. f3 O-O-O 13. Kf2 Nc4 14. Bxc4 Bxc4 15. Bxd6 Rxd6 16. Rxd6 cxd6 17. Rd1 Kc7 18. Rd4 Be6 19. a3 a6 20. e4 Rd8 21. Ke3 Kc6 22. g4 f6 23. Ne2 Bf7 24. Rd2 g6 25. Rc2+ Kb6 26. Kd4 d5 27. e5 fxe5+ 28. Kxe5 d4 29. Nxd4 Rd5+ 30. Ke4 Rc5 31. Rxc5 Kxc5 32. f4 Kc4 33. f5 gxf5+ 34. gxf5 b5 35. Ke5 a5 36. b3+ Kc3 37. Nxb5+ Kxb3 38. Kf6 Bc4 39. Nd6 Bd5 40. Ke5 Bg8 41. Kd4 Kxa3 42. Kc3 Ka2 43. f6 a4 44. f7 Bxf7 45. Nxf7 a3 46. Kc2 h5 47. Ne5 h4 48. Nd3 1-0


[Site "https://www.chess.com"]

[Event "Titled Tuesday Blitz June 22 2021"]
[White "Firat, Burak"]
[Black "Andreikin, Dmitry"]
[WhiteFideId "6305881"]
[BlackFideId "4158814"]
[WhiteElo "2531"]
[BlackElo "2782"]
[Result "0-1"]
[Round "11"]
[TimeControl "180+1"]
[Date "2021.06.22"]
[WhiteClock "0:00:17"]
[BlackClock "0:00:04"]

1. e4 e6 2. d3 b6 3. Nd2 Bb7 4. Ngf3 Nf6 5. g3 d5 6. e5 Nfd7 7. Bg2 c5 8. c4 Nc6 9. cxd5 Ncxe5 10. dxe6 Nxd3+ 11. Kf1 fxe6 12. Qe2 Nf6 13. Nc4 Qd7 14. Nfe5 Bxg2+ 15. Kxg2 Qd5+ 16. f3 Nxe5 17. Nxe5 Bd6 18. Nc4 Bc7 19. Rd1 Qc6 20. Nd6+ Ke7 21. Bf4 Rhd8 22. Re1 Rxd6 23. Bxd6+ Qxd6 24. Rad1 Qc6 25. b4 Kf7 26. b5 Qe8 27. f4 Rd8 28. Qc4 Rxd1 29. Rxd1 Qa8+ 30. Kh3 g6 31. a4 Qf3 32. Rd3 Qf1+ 33. Kh4 Qh1 34. Rd2 Qf3 35. Qe2 Qxe2 36. Rxe2 Nd5 37. Kg5 Bd8+ 38. Kg4 c4 39. Kf3 c3 40. Ke4 Bf6 41. a5 bxa5 42. Re1 c2 43. Kd3 Nb4+ 44. Kd2 Bb2 45. Rxe6 Kxe6 46. f5+ gxf5 0-1


[Site "https://www.chess.com"]

[Event "Titled Tuesday Blitz June 22 2021"]
[White "Gabrielian, Artur"]
[Black "Timmermans, Mark"]
[WhiteFideId "4131002"]
[BlackFideId "1026399"]
[WhiteElo "2539"]
[BlackElo "2460"]
[Result "1/2-1/2"]
[Round "11"]
[TimeControl "180+1"]
[Date "2021.06.22"]
[WhiteClock "0:00:10"]
[BlackClock "0:00:22"]

1. e4 e5 2. Nc3 Nf6 3. g3 d5 4. exd5 Nxd5 5. Bg2 Nxc3 6. bxc3 Bd6 7. Nf3 O-O 8. O-O Nc6 9. Rb1 Rb8 10. d4 exd4 11. cxd4 Bg4 12. c3 Qd7 13. Be3 b5 14. Re1 Na5 15. d5 a6 16. Qd4 Nc4 17. Bf4 Rfe8 18. a4 Na3 19. Rxe8+ Rxe8 20. Rc1 bxa4 21. Bxd6 cxd6 22. c4 Bxf3 23. Bxf3 Qc7 24. Kg2 Qc5 25. Qxc5 dxc5 26. Ra1 Nxc4 27. Rxa4 Ne5 28. Rxa6 Nxf3 29. Kxf3 Kf8 30. Rc6 Re5 31. Rxc5 Ke7 32. Kf4 Kd6 33. Rc6+ Kxd5 34. Rc7 Ke6 35. Rc6+ Kd5 36. Rc5+ Kxc5 37. Kxe5 Kc6 38. g4 Kd7 39. h4 Ke7 40. f4 f6+ 41. Kd5 Kd7 42. h5 f5 43. gxf5 Ke7 44. Ke5 Kf7 45. f6 g6 46. h6 Kf8 47. Ke6 Ke8 48. Kd5 Kf7 49. Ke5 Kf8 50. Ke6 Ke8 51. f7+ Kf8 52. Kf6 g5 53. Kxg5 Kxf7 54. Kf5 Ke7 55. Ke5 Kf7 56. f5 Ke7 57. Ke4 Kf6 58. Kf4 Kf7 59. Ke3 Kf6 60. Ke4 Kf7 61. Ke5 Ke7 62. f6+ Kf7 63. Kf5 Kf8 64. Ke6 Ke8 65. Ke5 Kf7 66. Kf5 Kf8 67. Kg4 Kf7 68. Kg5 Kf8 69. Kf5 Kf7 70. Ke5 Kf8 71. Ke6 Ke8 72. Kd6 Kf7 73. Ke5 Kf8 74. Kd4 Kf7 75. Ke5 1/2-1/2


[Site "https://www.chess.com"]

[Event "Titled Tuesday Blitz June 22 2021"]
[White "Golubev, Mikhail"]
[Black "Yuan, Qingyu"]
[WhiteFideId "14100983"]
[BlackFideId "8609772"]
[WhiteElo "2374"]
[BlackElo "2359"]
[Result "0-1"]
[Round "11"]
[TimeControl "180+1"]
[Date "2021.06.22"]
[WhiteClock "0:00:01"]
[BlackClock "0:00:22"]

1. e4 c5 2. Nf3 d6 3. d4 cxd4 4. Nxd4 Nf6 5. Nc3 a6 6. Bc4 e6 7. Bb3 Be7 8. f4 O-O 9. Be3 d5 10. e5 Nfd7 11. O-O Nc6 12. Nce2 Nc5 13. c3 Nxb3 14. axb3 Qc7 15. b4 Bd7 16. Qd2 b6 17. Rae1 a5 18. Nxc6 Bxc6 19. bxa5 bxa5 20. Nd4 Bd7 21. Kh1 a4 22. Rf3 Rab8 23. f5 exf5 24. Nxf5 Bxf5 25. Rxf5 Qb7 26. Rf4 Qb3 27. Rf2 Bh4 28. g3 Be7 29. Bd4 Qc4 30. Qc2 Bc5 31. Rd2 Bxd4 32. Rxd4 Qb5 33. Rb4 Qc6 34. Qxa4 Qc5 35. Rxb8 Rxb8 36. Qc2 d4 37. Rc1 Qd5+ 38. Qg2 Qxe5 39. cxd4 Qxd4 0-1


[Site "https://www.chess.com"]

[Event "Titled Tuesday Blitz June 22 2021"]
[White "Gracia Alvarez, Gerardo Antonio"]
[Black "Tregubov, Pavel V."]
[WhiteFideId "5109124"]
[BlackFideId "4115341"]
[WhiteElo "2148"]
[BlackElo "2423"]
[Result "0-1"]
[Round "11"]
[TimeControl "180+1"]
[Date "2021.06.22"]
[WhiteClock "0:00:02"]
[BlackClock "0:00:43"]

1. e4 c5 2. Nf3 e6 3. d4 cxd4 4. Nxd4 Nc6 5. Nc3 Nf6 6. a3 d5 7. Bb5 Bd7 8. exd5 exd5 9. O-O Be7 10. h3 O-O 11. Be3 Ne5 12. Be2 Nc4 13. Bc1 Rc8 14. b3 Nd6 15. Bb2 Nde4 16. Nxe4 Nxe4 17. Re1 Bf6 18. c4 Qb6 19. cxd5 Nc3 20. Bxc3 Rxc3 21. Nf3 Rxb3 22. Rb1 Rxb1 23. Qxb1 Qxb1 24. Rxb1 b6 25. Bb5 Bf5 26. Rc1 Rc8 27. Rxc8+ Bxc8 28. d6 Kf8 29. d7 Bb7 30. Ne5 Ke7 31. Nc6+ Kxd7 32. Nxa7+ Kd6 33. Bc4 Kc5 34. Bxf7 b5 35. Be6 Bb2 36. Bd7 Ba6 37. a4 b4 38. Nb5 b3 39. Be6 Kb4 40. Nc7 Bc4 41. Nd5+ Kc5 42. Nf4 Be5 0-1


[Site "https://www.chess.com"]